[Event "Turkish Cup 2024"]
[Site "Denizli"]
[Date "2024.08.03"]
[Round "7"]
[White "Topal, Hasan Gokmen"]
[Black "Koseoglu, Omer Umut"]
[Result "1-0"]
[ECO "B30"]
[WhiteElo "1905"]
[BlackElo "1841"]
[Annotator "ChessBase"]
[PlyCount "89"]
[EventDate "2024.08.01"]
[EventType "swiss"]
[EventCountry "TUR"]
[SourceTitle "playchess.com"]
[Source "ChessBase"]
[SourceQuality "1"]
[TimeControl "5400+30"]

1. e4 c5 2. Nc3 e6 3. Nf3 Nc6 4. Bb5 d6 5. Bxc6+ bxc6 6. d3 Nf6 7. e5 dxe5 8. Nxe5 Qc7 9. Qe2 Nd5 10. O-O Bd6 11. Re1 O-O 12. h3 Ba6 13. Bd2 Rfd8 14. b3 Rab8 15. Na4 f6 16. Nc4 Re8 17. Nxd6 Qxd6 18. Be3 Nxe3 19. Qxe3 Rb5 20. Nc3 Ra5 21. Rad1 Qd4 22. Qd2 Ra3 23. Re4 Qd8 24. Qe3 Qd6 25. Re1 Kf7 26. Qf3 g6 27. Rh4 h5 28. Ne4 Qe5 29. Rf4 Ke7 30. Rxf6 Rxa2 31. Qd1 Bc8 32. Rxg6 Rf8 33. Qb1 Ra5 34. Qc1 Rf5 35. Qh6 Kd8 36. Rg7 Bd7 37. Qh7 Qd4 38. Rg8+ Kc7 39. Qe7 Ra1 40. Qd8+ Kb7 41. Qb8+ Ka6 42. Rxa1+ Qxa1+ 43. Kh2 h4 44. Rd8 Qd4 45. Qc7 1-0

[Event "Turkish Cup 2024"]
[Site "Denizli"]
[Date "2024.08.03"]
[Round "7"]
[White "Sabahi, Ali Can"]
[Black "Yilmaz, Turhan"]
[Result "1-0"]
[ECO "C58"]
[WhiteElo "1882"]
[BlackElo "2015"]
[Annotator "RC"]
[PlyCount "203"]
[EventDate "2024.08.01"]
[EventType "swiss"]
[EventCountry "TUR"]
[SourceTitle "playchess.com"]
[Source "ChessBase"]
[SourceQuality "1"]
[TimeControl "5400+30"]

1. e4 e5 2. Nf3 Nc6 3. Bc4 Nf6 4. Ng5 d5 5. exd5 Na5 6. Bb5+ c6 7. dxc6 bxc6 8. Bd3 Nd5 9. Nf3 Bd6 10. O-O O-O 11. Re1 Re8 12. Nc3 Nf4 13. Bf1 c5 14. d3 Ng6 15. Be3 f5 16. a3 Rb8 17. Rb1 Nc6 18. Na4 Qe7 19. d4 cxd4 20. Bxd4 Nxd4 21. Nxd4 Bd7 22. Nc3 Red8 23. Nd5 Qf8 24. Nf3 h6 25. c4 Rbc8 26. b4 Bb8 27. Qb3 Kh8 28. c5 Be6 29. Bc4 Qf7 30. Nb6 Bxc4 31. Qxc4 Qxc4 32. Nxc4 e4 33. Nfd2 Rd4 34. Rbc1 Bf4 35. Rc2 Bxd2 36. Nxd2 Ne5 37. Kf1 Nd3 38. Rb1 Ne5 39. Nb3 Rd3 40. b5 f4 41. a4 f3 42. gxf3 Nxf3 43. a5 Rcd8 44. Ke2 Rxb3 45. Rxb3 Nd4+ 46. Ke3 Nxb3 47. a6 Nd4 48. Rb2 Ne6 49. b6 Nxc5 50. bxa7 Nxa6 51. Rb6 Rd3+ 52. Kxe4 Nc5+ 53. Kf5 Ra3 54. Rb8+ Kh7 55. a8=Q Rxa8 56. Rxa8 Nd7 57. Ra6 Nc5 58. Rc6 Nd7 59. h4 Nf8 60. Rd6 Kg8 61. h5 Kf7 62. Rb6 Kg8 63. Rb7 Nh7 64. f3 Nf8 65. f4 Nh7 66. Rb6 Kf7 67. Rb7+ Kg8 68. Ke6 Nf6 69. Rb5 Kh7 70. Kf7 Ne4 71. Kf8 Ng3 72. Rc5 Kh8 73. Kf7 Kh7 74. Re5 Nf1 75. Re2 Ng3 76. Rh2 Ne4 77. Rg2 Nd6+ 78. Ke6 Ne4 79. Rg6 Kg8 80. f5 Kf8 81. Ke5 Nc5 82. Kd5 Nd7 83. Kd6 Nb6 84. f6 gxf6 85. Rxf6+ Kg7 86. Rg6+ Kh7 87. Ke6 Nc4 88. Kf6 Ne3 89. Rg7+ Kh8 90. Rb7 Nd5+ 91. Kg6 Nf4+ 92. Kxh6 Kg8 93. Kg5 Ne6+ 94. Kf6 Nf4 95. h6 Nd5+ 96. Kg5 Kh8 97. Rd7 Nb6 98. Rd6 Nc4 99. Rd4 Ne5 100. Re4 Nf7+ 101. Kg6 Nd6 102. Re6 1-0

[Event "Turkish Cup 2024"]
[Site "Denizli"]
[Date "2024.08.03"]
[Round "7"]
[White "Yuksel, Davut Can"]
[Black "Adiguzel, Hakan"]
[Result "1/2-1/2"]
[ECO "E61"]
[WhiteElo "1882"]
[BlackElo "1821"]
[Annotator "NA"]
[PlyCount "58"]
[EventDate "2024.08.01"]
[EventType "swiss"]
[EventCountry "TUR"]
[SourceTitle "playchess.com"]
[Source "ChessBase"]
[SourceQuality "1"]
[TimeControl "5400+30"]

1. d4 Nf6 2. c4 g6 3. Nc3 Bg7 4. Nf3 O-O 5. Bf4 d6 6. e3 c6 7. h3 a6 8. a4 a5 9. Be2 Na6 10. O-O Nb4 11. Bh2 Bf5 12. Rc1 Qb6 13. Ne1 Rfd8 14. g4 Bc8 15. Nd3 e5 16. c5 dxc5 17. Bxe5 Nxd3 18. Qxd3 Be6 19. Qc2 cxd4 20. Bxd4 Qc7 21. Nb5 Qd7 22. Na3 Nd5 23. Bxg7 Kxg7 24. Nc4 Qe7 25. Ne5 Qh4 26. Kg2 Nb4 27. Qc5 Rd5 28. Nf3 Rxc5 29. Nxh4 Rxc1 1/2-1/2

[Event "Turkish Cup 2024"]
[Site "Denizli"]
[Date "2024.08.03"]
[Round "7"]
[White "Avsar, Gediz"]
[Black "Madsman, Berk"]
[Result "1-0"]
[ECO "B12"]
[WhiteElo "1880"]
[BlackElo "1797"]
[Annotator "NA"]
[PlyCount "183"]
[EventDate "2024.08.01"]
[EventType "swiss"]
[EventCountry "TUR"]
[SourceTitle "playchess.com"]
[Source "ChessBase"]
[SourceQuality "1"]
[TimeControl "5400+30"]

1. e4 c6 2. d4 d5 3. e5 Bf5 4. Nf3 e6 5. Be2 Nd7 6. O-O Ne7 7. Nbd2 c5 8. c4 cxd4 9. cxd5 Nxd5 10. Nxd4 Bg6 11. Nc4 Bc5 12. Bf3 O-O 13. Nb3 Nb4 14. Nxc5 Nxc5 15. Be3 Ncd3 16. a3 Nd5 17. Qd2 Rc8 18. Nd6 Nxe5 19. Nxc8 Nxf3+ 20. gxf3 Qxc8 21. Rac1 Qd8 22. Qd4 b6 23. Rc4 Qe7 24. Rfc1 Bh5 25. Kg2 Qb7 26. Qe5 Nf6 27. Qg3 Nd5 28. Qe5 Nf6 29. Rf4 Qd5 30. Qxd5 Nxd5 31. Rfc4 Bg6 32. Rc8 Bd3 33. Kg3 Ba6 34. Rxf8+ Kxf8 35. a4 Ke7 36. a5 Kd7 37. axb6 axb6 38. Bd4 f6 39. f4 Bb7 40. h4 b5 41. h5 Ne7 42. Bb6 Nd5 43. Be3 Ne7 44. Bb6 Nd5 45. Bc5 Ke8 46. b4 Bc6 47. Ra1 Ne7 48. Bxe7 Kxe7 49. Ra7+ Bd7 50. Kf3 Kd6 51. Ke3 h6 52. Ra8 e5 53. Rg8 Bg4 54. Rxg7 Bxh5 55. Rh7 Kd5 56. Rxh6 exf4+ 57. Kxf4 Bd1 58. Kf5 Kc4 59. Rh4+ Kb3 60. Kxf6 Be2 61. Ke5 Bc4 62. f4 Kxb4 63. Kd4 Be6 64. Rh6 Bd7 65. Rd6 Bg4 66. Rd5 Ka4 67. Kc3 b4+ 68. Kb2 b3 69. f5 Bh5 70. f6 Bg6 71. Rd7 Be8 72. Re7 Bg6 73. f7 Bxf7 74. Rxf7 Kb4 75. Rf4+ Kc5 76. Kxb3 Kd5 77. Kc3 Ke5 78. Rd4 Ke6 79. Kc4 Ke5 80. Kc5 Kf5 81. Kd5 Kf6 82. Rf4+ Kg5 83. Ke5 Kg6 84. Rg4+ Kf7 85. Rg5 Ke7 86. Rg7+ Ke8 87. Ke6 Kd8 88. Rh7 Kc8 89. Kd6 Kb8 90. Kc6 Ka8 91. Kb6 Kb8 92. Rh8# 1-0

[Event "Turkish Cup 2024"]
[Site "Denizli"]
[Date "2024.08.03"]
[Round "7"]
[White "Karaca, Yigit"]
[Black "Callioglu, Yigit Sarp"]
[Result "1-0"]
[ECO "A00"]
[WhiteElo "1879"]
[BlackElo "1863"]
[Annotator "NA"]
[PlyCount "87"]
[EventDate "2024.08.01"]
[EventType "swiss"]
[EventCountry "TUR"]
[SourceTitle "playchess.com"]
[Source "ChessBase"]
[SourceQuality "1"]
[TimeControl "5400+30"]

1. e4 d5 2. Nc3 d4 3. Nce2 e5 4. d3 c5 5. g3 h5 6. f4 f6 7. Nf3 Nc6 8. Bg2 Be7 9. f5 g5 10. fxg6 f5 11. O-O fxe4 12. Ng5 Nh6 13. Nxe4 Nf5 14. Kh1 Be6 15. Ng1 Qd7 16. Ng5 h4 17. g4 Ng7 18. Nxe6 Qxe6 19. Be4 Qd6 20. Rf7 Ne6 21. Qf3 O-O-O 22. Nh3 Rdg8 23. Bd2 Ncd8 24. Rh7 Rf8 25. Bf5 Kb8 26. Bh6 Rxh7 27. gxh7 Rh8 28. g5 Nf7 29. Qh5 Nfd8 30. Rf1 Bf8 31. Qg6 Bxh6 32. Qxh6 Qe7 33. Be4 Nf7 34. Qf6 Qxf6 35. gxf6 Neg5 36. Nxg5 Nxg5 37. f7 Rf8 38. h8=Q Rxh8 39. f8=R+ Kc7 40. Rg8 Nh3 41. Rg7+ Kd6 42. Rxb7 c4 43. Kg2 Nf4+ 44. Kf3 1-0

[Event "Turkish Cup 2024"]
[Site "Denizli"]
[Date "2024.08.03"]
[Round "7"]
[White "Yasin, Hur"]
[Black "Dulger, Batuhan Ihsan"]
[Result "1/2-1/2"]
[ECO "D35"]
[WhiteElo "1879"]
[BlackElo "1667"]
[Annotator "NA"]
[PlyCount "116"]
[EventDate "2024.08.01"]
[EventType "swiss"]
[EventCountry "TUR"]
[SourceTitle "playchess.com"]
[Source "ChessBase"]
[SourceQuality "1"]
[TimeControl "5400+30"]

1. d4 d5 2. c4 e6 3. Nf3 h6 4. Nc3 Nf6 5. g3 Nc6 6. cxd5 exd5 7. Bg2 Bd6 8. O-O O-O 9. Nb5 Re8 10. Nxd6 cxd6 11. b3 Bf5 12. Bb2 Qd7 13. Re1 Re7 14. Rc1 Bh3 15. Bh1 Ne4 16. Nd2 Qf5 17. Nxe4 dxe4 18. d5 e3 19. f4 Ne5 20. Qd4 Qf6 21. Qxe3 Nd3 22. Bxf6 Rxe3 23. exd3 Rxe1+ 24. Rxe1 gxf6 25. Rc1 Rc8 26. Rc4 Re8 27. Kf2 Re7 28. Bf3 Bf5 29. Rc3 Re8 30. g4 Rc8 31. Rc4 Bd7 32. a4 Kf8 33. Kg3 Kg7 34. Be4 Re8 35. Rc7 Bc8 36. Kf3 a6 37. Bf5 Bxf5 38. gxf5 Re1 39. Rxb7 Rf1+ 40. Ke3 Re1+ 41. Kf2 Rh1 42. Kg2 Rd1 43. Rb6 Rd2+ 44. Kg1 Rxd3 45. Rxd6 a5 46. Kg2 Rxb3 47. Ra6 Rb4 48. Rxa5 Rxf4 49. Rb5 Rxa4 50. Kf3 Rd4 51. Ke3 Rd1 52. Ke4 Kf8 53. Rb8+ Ke7 54. Rb7+ Ke8 55. Rb8+ Ke7 56. Rh8 Re1+ 57. Kf4 Rf1+ 58. Ke4 Re1+ 1/2-1/2

[Event "Turkish Cup 2024"]
[Site "Denizli"]
[Date "2024.08.03"]
[Round "7"]
[White "Degirmenci, Yagiz"]
[Black "Bilir, Ibrahim"]
[Result "0-1"]
[ECO "A37"]
[WhiteElo "1871"]
[BlackElo "1830"]
[Annotator "NA"]
[PlyCount "114"]
[EventDate "2024.08.01"]
[EventType "swiss"]
[EventCountry "TUR"]
[SourceTitle "playchess.com"]
[Source "ChessBase"]
[SourceQuality "1"]
[TimeControl "5400+30"]

1. c4 c5 2. Nc3 g6 3. g3 Bg7 4. Bg2 Nc6 5. Nf3 Nh6 6. d3 Nf5 7. O-O O-O 8. e4 Nfd4 9. Ne2 d6 10. Nexd4 Nxd4 11. Nxd4 Bxd4 12. Rb1 a5 13. Bh6 Re8 14. Kh1 Rb8 15. f4 e6 16. g4 f5 17. Qe1 Bd7 18. Qg3 b5 19. cxb5 Rxb5 20. b3 Qc7 21. h4 Kh8 22. exf5 exf5 23. Rbe1 Rbb8 24. h5 gxh5 25. g5 Bc6 26. Kh2 Bc3 27. Re3 Rxe3 28. Qxe3 Re8 29. Qg3 Re2 30. Rf2 Be1 31. Rxe2 Bxg3+ 32. Kxg3 Kg8 33. Bxc6 Qxc6 34. Re7 h4+ 35. Kf2 Qd5 36. Rg7+ Kf8 37. Rxh7+ Kg8 38. Rg7+ Kh8 39. g6 h3 40. Rh7+ Kg8 41. Rg7+ Kf8 42. Rh7+ Ke8 43. Rh8+ Kd7 44. g7 h2 45. g8=Q Qxg8 46. Rxg8 h1=Q 47. Bg5 Qh2+ 48. Ke3 Qxa2 49. Rg7+ Kc6 50. Ra7 Qxb3 51. Ra6+ Kc7 52. Rxa5 c4 53. Rd5 c3 54. Rd4 d5 55. Bf6 c2 56. Kd2 Qb1 57. Be5+ Kc8 0-1

[Event "Turkish Cup 2024"]
[Site "Denizli"]
[Date "2024.08.03"]
[Round "7"]
[White "Zuberoglu, Ibrahim Berk"]
[Black "Celebi, Mehmet Alper"]
[Result "1-0"]
[ECO "A14"]
[WhiteElo "1870"]
[BlackElo "1998"]
[Annotator "ChessBase"]
[PlyCount "97"]
[EventDate "2024.08.01"]
[EventType "swiss"]
[EventCountry "TUR"]
[SourceTitle "playchess.com"]
[Source "ChessBase"]
[SourceQuality "1"]
[TimeControl "5400+30"]

1. Nf3 Nf6 2. g3 d5 3. c4 e6 4. Bg2 Be7 5. O-O O-O 6. b3 b6 7. Bb2 Bb7 8. Qc2 Nbd7 9. d3 c5 10. Nbd2 Qc7 11. cxd5 exd5 12. d4 Rac8 13. Rac1 Rfe8 14. Bh3 Bd6 15. dxc5 bxc5 16. Qd3 Rcd8 17. Rfd1 Bf8 18. e3 Qb6 19. Qc2 Nb8 20. Ne5 Nc6 21. Nd3 Ne4 22. Bf5 Ba6 23. Nf4 Nb4 24. Qb1 Bc8 25. Bxc8 Rxc8 26. Nxd5 Nxd5 27. Nxe4 Qb7 28. Ng5 g6 29. Qd3 Rcd8 30. e4 Nf4 31. Qf3 Nh5 32. Rd5 Rxd5 33. exd5 Bh6 34. h4 f6 35. g4 fxg5 36. gxh5 gxh4 37. Rxc5 Qe7 38. Qc3 Qe1+ 39. Qxe1 Rxe1+ 40. Kg2 g5 41. d6 Rd1 42. Be5 Bf8 43. Rc7 Bxd6 44. Rd7 h3+ 45. Kxh3 Rd2 46. Bxd6 Rxa2 47. h6 g4+ 48. Kxg4 Rxf2 49. Rd8+ 1-0

[Event "Turkish Cup 2024"]
[Site "Denizli"]
[Date "2024.08.03"]
[Round "7"]
[White "Selvi, Kaan"]
[Black "Dirikolu, Deniz"]
[Result "1-0"]
[ECO "C60"]
[WhiteElo "1863"]
[BlackElo "1911"]
[Annotator "ChessBase"]
[PlyCount "66"]
[EventDate "2024.08.01"]
[EventType "swiss"]
[EventCountry "TUR"]
[SourceTitle "playchess.com"]
[Source "ChessBase"]
[SourceQuality "1"]
[TimeControl "5400+30"]

1. e4 e5 2. Nf3 Nc6 3. Bb5 g6 4. d4 exd4 5. c3 a6 6. Bc4 Bg7 7. cxd4 b5 8. Bb3 Nge7 9. Nc3 d6 10. O-O O-O 11. h3 h6 12. Be3 Na5 13. Qd2 Kh7 14. d5 f5 15. Bd4 Nxb3 16. axb3 Bxd4 17. Nxd4 fxe4 18. Nxe4 Nf5 19. Rac1 Rf7 20. Ne6 Bxe6 21. dxe6 Rf8 22. Rce1 d5 23. Nc5 Re8 24. Nd7 d4 25. Qf4 Rxe6 26. Rxe6 Qxd7 27. Qe4 d3 28. g4 Rg8 29. Kh1 Nd6 30. Re7+ Rg7 31. Rxd7 Nxe4 32. Rxd3 c5 33. Kg2 Rc7 1-0

[Event "Turkish Cup 2024"]
[Site "Denizli"]
[Date "2024.08.03"]
[Round "7"]
[White "Uysal, Ilyas"]
[Black "Demirag, Gokhan"]
[Result "1-0"]
[ECO "B33"]
[WhiteElo "1849"]
[BlackElo "1938"]
[Annotator "ChessBase"]
[PlyCount "61"]
[EventDate "2024.08.01"]
[EventType "swiss"]
[EventCountry "TUR"]
[SourceTitle "playchess.com"]
[Source "ChessBase"]
[SourceQuality "1"]
[TimeControl "5400+30"]

1. e4 c5 2. Nf3 Nc6 3. d4 cxd4 4. Nxd4 Nf6 5. Nc3 e5 6. Ndb5 d6 7. Bg5 a6 8. Na3 b5 9. Nd5 Be7 10. Bxf6 Bxf6 11. c3 O-O 12. Nc2 Bg5 13. a4 bxa4 14. Rxa4 a5 15. Bc4 Rb8 16. b3 Be6 17. O-O Ne7 18. Nce3 Bxe3 19. Nxe3 Qc7 20. Qc2 Bd7 21. Ra2 Bc6 22. Rfa1 Ra8 23. Qd3 g6 24. Rd2 Rfd8 25. Ng4 Kg7 26. Qe3 Ng8 27. f4 f5 28. Nf2 Nf6 29. exf5 gxf5 30. fxe5 dxe5 31. Qg5+ 1-0

[Event "Turkish Cup 2024"]
[Site "Denizli"]
[Date "2024.08.03"]
[Round "7"]
[White "Ceylan, Arda"]
[Black "Sibli, Murat Yigit"]
[Result "0-1"]
[ECO "E67"]
[WhiteElo "1836"]
[BlackElo "1836"]
[Annotator "NA"]
[PlyCount "56"]
[EventDate "2024.08.01"]
[EventType "swiss"]
[EventCountry "TUR"]
[SourceTitle "playchess.com"]
[Source "ChessBase"]
[SourceQuality "1"]
[TimeControl "5400+30"]

1. c4 Nf6 2. Nf3 g6 3. Nc3 Bg7 4. d4 d6 5. g3 Nbd7 6. Bg2 O-O 7. O-O e5 8. e4 a5 9. d5 Nc5 10. Re1 Bd7 11. h3 Ne8 12. Be3 b6 13. Qd2 Qe7 14. Bh6 Rb8 15. Rad1 f5 16. exf5 gxf5 17. Bxg7 Qxg7 18. Qg5 Nf6 19. Qxg7+ Kxg7 20. h4 h6 21. Bh3 Rf7 22. b3 Rbf8 23. Rd2 Kh8 24. Rb1 Rg8 25. Kh2 f4 26. Bxd7 Ncxd7 27. gxf4 Ng4+ 28. Kh1 Rxf4 0-1

[Event "Turkish Cup 2024"]
[Site "Denizli"]
[Date "2024.08.03"]
[Round "7"]
[White "Seker, Cinar"]
[Black "Konusoglu, Kemal Safa"]
[Result "1-0"]
[ECO "B33"]
[WhiteElo "1815"]
[BlackElo "1904"]
[Annotator "ChessBase"]
[PlyCount "117"]
[EventDate "2024.08.01"]
[EventType "swiss"]
[EventCountry "TUR"]
[SourceTitle "playchess.com"]
[Source "ChessBase"]
[SourceQuality "1"]
[TimeControl "5400+30"]

1. e4 c5 2. Nf3 Nc6 3. d4 cxd4 4. Nxd4 Nf6 5. Nc3 e5 6. Ndb5 d6 7. Bg5 a6 8. Na3 b5 9. Nd5 Be7 10. Bxf6 Bxf6 11. c3 Rb8 12. Nc2 Bg5 13. a4 bxa4 14. Rxa4 Rxb2 15. Bxa6 Bd7 16. Ra3 O-O 17. O-O Be6 18. Nce3 Bxe3 19. Nxe3 Qb6 20. Qd3 Qc5 21. Rfa1 Rfb8 22. h3 Ra8 23. Nd1 Rbb8 24. Qe3 Kf8 25. Qxc5 dxc5 26. Ne3 Ra7 27. Bc4 Rb1+ 28. Rxb1 Rxa3 29. Bd5 Nd8 30. c4 Ra7 31. Rb5 Rc7 32. Kf1 Bd7 33. Ra5 Ke7 34. Ke1 g6 35. g4 f6 36. Kd2 Ne6 37. Bxe6 Bxe6 38. Kc3 Kd6 39. Nd5 Bxd5 40. cxd5 Rb7 41. Ra6+ Ke7 42. Kc4 Rb2 43. Re6+ Kf7 44. Kxc5 Rxf2 45. Ra6 f5 46. Ra7+ Kf6 47. gxf5 gxf5 48. exf5 Rxf5 49. Rxh7 Rf3 50. Kd6 e4 51. Re7 e3 52. h4 Rh3 53. Kd7 Kf5 54. d6 Kf4 55. Kc6 Rxh4 56. d7 Rh6+ 57. Kc5 Rh8 58. Re8 Rxe8 59. dxe8=Q 1-0

[Event "Turkish Cup 2024"]
[Site "Denizli"]
[Date "2024.08.03"]
[Round "7"]
[White "Sanan, Demirhan"]
[Black "Akyuz, Murat"]
[Result "1/2-1/2"]
[ECO "D34"]
[WhiteElo "1803"]
[BlackElo "1890"]
[Annotator "NA"]
[PlyCount "97"]
[EventDate "2024.08.01"]
[EventType "swiss"]
[EventCountry "TUR"]
[SourceTitle "playchess.com"]
[Source "ChessBase"]
[SourceQuality "1"]
[TimeControl "5400+30"]

1. c4 Nf6 2. g3 e6 3. Bg2 d5 4. cxd5 exd5 5. Nf3 c5 6. d4 Nc6 7. O-O Be7 8. Nc3 O-O 9. Bf4 a6 10. Rc1 b5 11. dxc5 Bxc5 12. Nxd5 Nxd5 13. Rxc5 Nxf4 14. gxf4 Bb7 15. Rd5 Qf6 16. Rd7 Rad8 17. Rxd8 Rxd8 18. Qc1 Nd4 19. Nxd4 Bxg2 20. Kxg2 Qxd4 21. a3 Qe4+ 22. Kg1 Qxe2 23. Re1 Qg4+ 24. Kf1 Qh3+ 25. Kg1 Qg4+ 26. Kf1 h5 27. Qe3 h4 28. h3 Qf5 29. Kg2 Rd6 30. Qe8+ Kh7 31. Qe4 Rg6+ 32. Kh2 Qc5 33. Rf1 f5 34. Qf3 Qc6 35. Qh5+ Kg8 36. Rg1 Rxg1 37. Kxg1 Qf6 38. b4 Kf8 39. Qf3 Qg6+ 40. Kh2 Qd6 41. Kg2 Ke7 42. Qe3+ Qe6 43. Qc5+ Kf6 44. Qc3+ Kf7 45. Qc7+ Kg6 46. Kh2 Kf6 47. Qd8+ Qe7 48. Qb6+ Qe6 49. Qd8+ 1/2-1/2

[Event "Turkish Cup 2024"]
[Site "Denizli"]
[Date "2024.08.03"]
[Round "7"]
[White "Bozdag, Armagan Emre"]
[Black "Yardimci, Can"]
[Result "1/2-1/2"]
[ECO "B74"]
[WhiteElo "1794"]
[BlackElo "1930"]
[Annotator "ChessBase"]
[PlyCount "137"]
[EventDate "2024.08.01"]
[EventType "swiss"]
[EventCountry "TUR"]
[SourceTitle "playchess.com"]
[Source "ChessBase"]
[SourceQuality "1"]
[TimeControl "5400+30"]

1. e4 c5 2. Nc3 g6 3. Nf3 Bg7 4. d4 cxd4 5. Nxd4 d6 6. Be3 Nf6 7. Be2 Nc6 8. O-O O-O 9. Nb3 Bd7 10. f4 Rc8 11. Kh1 Na5 12. e5 Ne8 13. Nxa5 Qxa5 14. Nd5 Qd8 15. Bxa7 Be6 16. Bb6 Qd7 17. Nc3 dxe5 18. Qxd7 Bxd7 19. Nd5 Rxc2 20. Bd3 Rxb2 21. Bc5 e4 22. Nxe7+ Kh8 23. Bxe4 Nf6 24. Bf3 Be6 25. Ba3 Rxa2 26. Rxa2 Bxa2 27. Bxb7 Rd8 28. Bf3 Be6 29. Rd1 Rxd1+ 30. Bxd1 Ne4 31. Be2 Bd4 32. Nc6 Be3 33. Bb2+ Kg8 34. g3 Nxg3+ 35. hxg3 Bd5+ 36. Kh2 Bxc6 37. Bc4 Bf3 38. Bf6 Bg4 39. Kg2 Bc5 40. Ba2 Kf8 41. Bc4 Ke8 42. Bb5+ Bd7 43. Bxd7+ Kxd7 44. Kf3 Ke6 45. Bd8 Be7 46. Ba5 f5 47. Bc3 Bf6 48. Be1 Kd5 49. Ba5 Kd4 50. Bb6+ Kd3 51. Ba5 h5 52. Bb4 Bd4 53. Ba5 Kc2 54. Ke2 Bf6 55. Bc7 h4 56. gxh4 Bxh4 57. Be5 Bg3 58. Kf3 Bh4 59. Ke2 Be7 60. Bb8 Kc3 61. Kf3 Kd3 62. Be5 Kc4 63. Bc7 Kd5 64. Ba5 Bd6 65. Bc3 Be7 66. Ba5 g5 67. fxg5 Bxg5 68. Bc7 Kd4 69. Bb6+ 1/2-1/2

[Event "Turkish Cup 2024"]
[Site "Denizli"]
[Date "2024.08.03"]
[Round "7"]
[White "Arslan, Levent"]
[Black "Cetindag, Alper"]
[Result "0-1"]
[ECO "B50"]
[WhiteElo "1778"]
[BlackElo "1923"]
[Annotator "ChessBase"]
[PlyCount "72"]
[EventDate "2024.08.01"]
[EventType "swiss"]
[EventCountry "TUR"]
[SourceTitle "playchess.com"]
[Source "ChessBase"]
[SourceQuality "1"]
[TimeControl "5400+30"]

1. e4 c5 2. Nf3 d6 3. Bb5+ Nd7 4. O-O a6 5. Bd3 g6 6. c3 Bg7 7. Re1 Ngf6 8. Bf1 O-O 9. d4 e5 10. dxe5 dxe5 11. a4 b6 12. Na3 Bb7 13. Qc2 h6 14. Bd2 Qc7 15. Rad1 Rad8 16. Nc4 Rfe8 17. Bc1 Bf8 18. Nfd2 Bc6 19. Ne3 Qb7 20. f3 Qa8 21. Ndc4 Kg7 22. Qb3 b5 23. axb5 axb5 24. Nd6 c4 25. Nxe8+ Rxe8 26. Qc2 Nc5 27. Qf2 Nb3 28. Nc2 Nxc1 29. Rxc1 Rc8 30. Kh1 Bb7 31. Nb4 Bc5 32. Qg3 Re8 33. Ra1 Qd8 34. Red1 Nh5 35. Qxe5+ Rxe5 36. Rxd8 Ng3+ 0-1

[Event "Turkish Cup 2024"]
[Site "Denizli"]
[Date "2024.08.03"]
[Round "7"]
[White "Gunal, Yusuf Kursat"]
[Black "Cicek, Bilal Emre"]
[Result "1/2-1/2"]
[ECO "E04"]
[WhiteElo "1773"]
[BlackElo "1963"]
[Annotator "ChessBase"]
[PlyCount "173"]
[EventDate "2024.08.01"]
[EventType "swiss"]
[EventCountry "TUR"]
[SourceTitle "playchess.com"]
[Source "ChessBase"]
[SourceQuality "1"]
[TimeControl "5400+30"]

1. d4 d5 2. Nf3 e6 3. g3 Nf6 4. Bg2 c5 5. c4 dxc4 6. O-O Nc6 7. dxc5 Qxd1 8. Rxd1 Bxc5 9. Nbd2 c3 10. bxc3 O-O 11. Nb3 Be7 12. Nfd4 Bd7 13. Nxc6 Bxc6 14. Bxc6 bxc6 15. c4 a5 16. Bd2 a4 17. Nd4 Rfc8 18. f3 Nd7 19. Bc3 Nb6 20. Rac1 Ba3 21. Rc2 Nxc4 22. Kf2 Bf8 23. Ba1 Na5 24. Rdc1 c5 25. Nb5 Nc6 26. Rc4 Nb4 27. a3 Nd5 28. e4 Nb6 29. R4c2 Rd8 30. Ke3 Rd7 31. Be5 Rc8 32. f4 f6 33. Bc3 Nc4+ 34. Ke2 Rb8 35. Be1 Na5 36. Bxa5 Rxb5 37. Bd2 Rd4 38. Be3 Rxe4 39. Kf3 f5 40. Bxc5 Bxc5 41. Rxc5 Rxc5 42. Rxc5 Kf7 43. Rc7+ Kf6 44. Ra7 h6 45. h4 Rc4 46. Kg2 g5 47. fxg5+ hxg5 48. h5 g4 49. h6 Rc2+ 50. Kg1 Rc8 51. h7 Rh8 52. Kg2 e5 53. Ra6+ Kg5 54. Ra7 f4 55. gxf4+ exf4 56. Rg7+ Kh4 57. Rf7 f3+ 58. Kf2 Rb8 59. Rb7 Rf8 60. Rf7 Rh8 61. Rc7 Kh3 62. Rg7 Kh4 63. Rc7 Rf8 64. Rf7 Re8 65. Re7 Rf8 66. Rf7 g3+ 67. Kg1 Rh8 68. Rxf3 Rxh7 69. Kg2 Rg7 70. Rd3 Rg4 71. Rc3 Rd4 72. Rc2 Kg4 73. Re2 Kf4 74. Rb2 Rc4 75. Rd2 Ke3 76. Rd8 Rg4 77. Rd7 Ke2 78. Rd8 Rc4 79. Rg8 Rc3 80. Rxg3 Kd2 81. Rg8 Kc2 82. Kf2 Rd3 83. Ke2 Rxa3 84. Ra8 Ra1 85. Rc8+ Kb2 86. Kd2 Ra3 87. Rc2+ 1/2-1/2

[Event "Turkish Cup 2024"]
[Site "Denizli"]
[Date "2024.08.03"]
[Round "7"]
[White "Dincer, Cagla"]
[Black "Dargali, Hakan"]
[Result "0-1"]
[ECO "B00"]
[WhiteElo "1554"]
[BlackElo "1973"]
[Annotator "ChessBase"]
[PlyCount "70"]
[EventDate "2024.08.01"]
[EventType "swiss"]
[EventCountry "TUR"]
[SourceTitle "playchess.com"]
[Source "ChessBase"]
[SourceQuality "1"]
[TimeControl "5400+30"]

1. e4 d6 2. Nf3 Nc6 3. Bc4 Nf6 4. d3 g6 5. O-O Bg7 6. c3 O-O 7. Bb3 e5 8. Be3 h6 9. h3 d5 10. exd5 Nxd5 11. Na3 Nxe3 12. fxe3 Kh7 13. Qe2 Qe7 14. e4 Be6 15. Ba4 Bd7 16. Bc2 Rad8 17. Kh1 a6 18. Nc4 b5 19. Ne3 Be6 20. Bb3 a5 21. Bxe6 Qxe6 22. Nd5 Qd6 23. a4 b4 24. Nd2 f5 25. Nc4 Qd7 26. Rfd1 Rf7 27. cxb4 Nd4 28. Qd2 Nb3 29. Qc3 Nxa1 30. Nxa5 Qxa4 31. b3 Nxb3 32. Nxb3 fxe4 33. dxe4 Qb5 34. Rg1 c6 35. Ne3 Rd3 0-1

[Event "Turkish Cup 2024"]
[Site "Denizli"]
[Date "2024.08.04"]
[Round "8"]
[White "Gunduz, Umut Erdem"]
[Black "Uysal, Ugur"]
[Result "1/2-1/2"]
[ECO "E91"]
[WhiteElo "2276"]
[BlackElo "2114"]
[Annotator "RC"]
[PlyCount "79"]
[EventDate "2024.08.01"]
[EventType "swiss"]
[EventCountry "TUR"]
[SourceTitle "playchess.com"]
[Source "ChessBase"]
[SourceQuality "1"]
[TimeControl "5400+30"]

1. d4 Nf6 2. c4 g6 3. Nc3 Bg7 4. e4 d6 5. Nf3 O-O 6. h3 c5 7. d5 e6 8. Be2 exd5 9. exd5 Re8 10. O-O Ne4 11. Nxe4 Rxe4 12. Bd3 Re8 13. Bg5 Qb6 14. Re1 Bd7 15. Nd2 f5 16. Rb1 Na6 17. a3 Rxe1+ 18. Qxe1 Re8 19. Qd1 Qa5 20. Bf4 Be5 21. Bxe5 Rxe5 22. Nf3 Re8 23. Qc1 Qd8 24. b4 Qf6 25. Qf4 Kg7 26. h4 h6 27. Bc2 Re2 28. Bd3 Re8 29. g3 b6 30. Kg2 Re7 31. Qd2 Re8 32. b5 Nb8 33. a4 Bc8 34. Qb2 Nd7 35. Qxf6+ Kxf6 36. a5 bxa5 37. Ra1 a6 38. bxa6 Bxa6 39. Rxa5 Ra8 40. Nd2 1/2-1/2